AoeStats
← bgamerms

Migration

509415441Analyzed
1v1 RM · 6d ago on Sep 26, 2026· 56m 15s· 2 players
Game mode
Random Map
Map size
132×132
Population
200
Speed
Normal
Resources
Standard
Victory
Conquest
Starting age
Dark Age
Ending age
Imperial Age
RankedLock teamsTeams togetherTeam positionsShared explorationLock speedFull tech treeHidden civsTurbo modeCheats
Victory
Defeat
🇳🇱 Spanish · Netherlands
560
+15
🇺🇸 Japanese · United States
541
-15
BBBOOONNNEEESSSAAAWWWW
11:10 Feudal Age
12:11 Double-Bit Axe
18:32 Castle Age
18:39 Arson
19:02 Pikeman
19:42 Squires
24:20 Fishing Lines
25:20 Wheelbarrow
25:45 Bow Saw
28:21 Murder Holes
30:33 Gillnets
32:18 Ballistics
36:35 Imperial Age
34:23 Hand Cart
34:39 Medium Warships
38:15 Kataparuto
37:31 Elite Samurai
40:49 Halberdier
52:23 Heavy Warships
52:52 Hoardings
52:47 Onager
bgamerms
9:07 Loom
11:22 Feudal Age
11:52 Double-Bit Axe
12:44 Wheelbarrow
12:03 Gold Mining
12:07 Fishing Lines
12:15 Horse Collar
13:13 Town Watch
20:52 Castle Age
18:55 Stone Mining
20:13 Bloodlines
20:17 Forging
20:46 Scale Mail Armor
20:51 Scale Barding Armor
20:44 Man-at-Arms
21:48 Bow Saw
23:56 Hand Cart
23:37 Long Swordsman
25:12 Town Patrol
26:31 Iron Casting
25:52 Gambesons
26:10 Squires
25:57 Arson
28:20 Husbandry
29:51 Medium Warships
31:27 Chain Mail Armor
31:32 Chain Barding Armor
32:44 Stone Shaft Mining
35:26 Imperial Age
33:59 Careening
33:44 Murder Holes
34:00 Clinker Construction
34:10 Gillnets
36:34 Conscription
36:52 Hoardings
35:38 Elite Conquistador
37:57 Chemistry
37:19 Ballistics
38:19 Heavy Warships
41:50 Cavalier
42:19 Elite Cannon Galleon
43:30 Demolition Ship
46:05 Blast Furnace
45:40 Plate Barding Armor
45:54 Two-Handed Swordsman
47:45 Heavy Demolition Ship
49:12 Bombard Tower
49:13 Dry Dock
49:13 Carvel Hull
52:46 Paladin
Connection lost

Rejoining the realm…

Still unreachable

The connection could not be restored.

Session expired

The server has moved on; the page needs a fresh start.